 Dungeon Crawl Stone Soup version 0.31.0-11-ge490571c62 (webtiles) character file.

Game seed: 11576300869276390362

236 qw the Ducker (level 5, 0/26 HPs)
             Began as a Spriggan Hunter on Feb 3, 2024.
             Slain by Pikel
             ... wielding a +1 whip of freezing
              (5 damage)
             ... on level 4 of the Dungeon.
             The game lasted 00:00:09 (2497 turns).

qw the Ducker (Spriggan Hunter)                     Turns: 2497, Time: 00:00:10

Health: 0/26       AC:  2    Str: 13    XL:     5   Next: 77%
Magic:  6/6        EV: 23    Int: 11    God:
Gold:   160        SH:  0    Dex: 26    Spells: 4/4 levels left

rFire   . . .        a - +3 shortbow
rCold   . . .        (shield currently unavailable)
rNeg    . . .        c - +0 robe
rPois   .            (helmet restricted)
rElec   .            (no cloak)
rCorr   .            (gloves unavailable)
SInv    +            (boots unavailable)
Will    .....        (no amulet)
Stlth   ++           g - +6 ring of dexterity
HPRegen 0.24/turn    b - +6 ring of strength
MPRegen 0.10/turn

%: no passive effects
@: very quick
A: very small, no large weapons, unfitting armour, see invisible, speed 3
a: no special abilities


You were on level 4 of the Dungeon.
You visited 1 branch of the dungeon, and saw 4 of its levels.

You collected 160 gold pieces.


Innate Abilities, Weirdness & Mutations

You are very small and have problems with some larger weapons.
You are too small for most types of armour.
You have supernaturally acute eyesight. (SInv)
You cover ground extremely quickly. (Speed+++)


   Skills:
 - Level 2.1 Fighting
 + Level 5.4 Ranged Weapons
 - Level 6.1 Dodging
 - Level 1.5 Stealth


You had 4 spell levels left.
You didn't know any spells.
Your spell library was empty.

Inventory:

Hand Weapons
 a - a +3 shortbow (weapon)
Armour
 c - a +0 robe (worn)
Jewellery
 b - a +6 ring of strength (right hand)
 g - a +6 ring of dexterity (left hand)
Scrolls
 f - a scroll of identify
Potions
 e - a potion of berserk rage {unknown}
 h - a potion of enlightenment {unknown}
 j - a potion of curing

Dungeon Overview and Level Annotations

Branches:
Dungeon (4/15)
 Temple: D:4-7

Altars:
Dithmenos
Nemelex Xobeh

Annotations:
D:4 Pikel


Message History

You shoot an arrow. The arrow hits the adder!
You kill the adder!
You start resting.
HP restored.
You see here an adder corpse.
An orc is nearby!
You shoot an arrow. The orc shouts!
The arrow hits the orc!
You kill the orc!
You hear a shout! x5 2 lemures come into view.
Found 6 stones.
You see here an inky potion.
You shoot an arrow. The arrow misses the lemure.
The arrow hits the lemure.
The lemure is lightly wounded.
Pikel, Merchant of Souls comes into view.
He is wielding a +1 whip of freezing.
You shoot an arrow. The arrow closely misses the lemure.
The arrow hits Pikel.
Pikel is lightly wounded.
You hear a shout!
The lemure hits you. The lemure misses you.
You hear a shout!
You shoot an arrow.
The arrow hits the lemure but does no damage.
You shoot an arrow. The arrow hits Pikel!
Pikel is moderately wounded.
You shoot an arrow. The arrow hits Pikel.
Pikel is moderately wounded.
Pikel misses you.
You shoot an arrow.
The arrow hits Pikel but does no damage.
Pikel is moderately wounded.
Pikel hits you with a +1 whip of freezing.
Pikel freezes you.
You shoot an arrow. The arrow hits Pikel!
Pikel is severely wounded.
Pikel hits you with a +1 whip of freezing!
Pikel freezes you.
You die...
Pikel says, "Another soul for the market."

.## #.#.# .## #.#.#
..#######.#.#
..........#.# ##
.....######.####)#
### ....%# #......#
.(.
..#..#####.....###5#
###........####.#K#
#..####### ##@# #..#
#.# #..# #.# #.(#
#.# ...# #.# ##..#
####.# #... ..##.#
#.##.. #.#


You could see Pikel and a lemure.

Vanquished Creatures
  2 hounds (D:4)
  An orc priest (D:4)
  An orc wizard (D:4)
  A gnoll (D:1)
  2 adders (D:4)
  3 ribbon worms
  8 orcs
  9 ball pythons
  8 endoplasms
  A giant cockroach (D:1)
  11 goblins
  7 hobgoblins
  6 jackals (D:2)
  A quokka (D:1)
  4 bats
  2 frilled lizards (D:1)
  2 kobolds
  4 rats
73 creatures vanquished.

Notes
Turn   | Place    | Note
-------+----------+-------------------------------------------
     0 | D:1      | qw the Spriggan Hunter began the quest for the Orb.
     0 | D:1      | Reached XP level 1. HP: 10/10 MP: 2/2
     0 | D:1      | 0 ||| qw: Version: 0.3-a-155-g5e7d8dd
     0 | D:1      | 0 ||| qw: Game counter: 3536
     0 | D:1      | 0 ||| qw: Melee chars always use a shield: true
     0 | D:1      | 0 ||| qw: God list: Okawaru
     0 | D:1      | 0 ||| qw: Allow faded altars: false
     0 | D:1      | 0 ||| qw: Do Orc after clearing Dungeon:15 true
     0 | D:1      | 0 ||| qw: Do second Lair branch before Depths: true
     0 | D:1      | 0 ||| qw: Lair rune preference: random
     0 | D:1      | 0 ||| qw: Goals: Normal
     0 | D:1      | 0 ||| PLANNING D:1-11
    31 | D:1      | Reached skill level 3 in Dodging
   124 | D:1      | Reached XP level 2. HP: 14/14 MP: 3/3
   154 | D:1      | Reached skill level 4 in Dodging
   238 | D:1      | Reached XP level 3. HP: 18/18 MP: 4/4
   539 | D:1      | 539 ||| UPGRADING to +6 ring of dexterity.
   540 | D:1      | 540 ||| READING scroll labelled TEODAP QIRGHUL.
   541 | D:1      | 541 ||| READING 3 scrolls labelled SACWECLA XOPLA.
   541 | D:1      | 541 ||| ENCHANTING +0 shortbow.
   542 | D:1      | 542 ||| READING 2 scrolls of enchant weapon.
   542 | D:1      | 542 ||| ENCHANTING +1 shortbow.
   543 | D:1      | 543 ||| READING scroll of enchant weapon.
   543 | D:1      | 543 ||| ENCHANTING +2 shortbow.
   544 | D:1      | 544 ||| READING scroll labelled CUJITA BIUH.
   548 | D:1      | 548 ||| DRINKING 2 viscous green potions.
   592 | D:1      | 592 ||| DROPPING scroll of butterflies.
   593 | D:1      | 593 ||| DROPPING potion of lignification.
   806 | D:2      | Identified the +7 mace of Qazlal's Grace {vamp, +Blink
                  | Str+3}
  1334 | D:2      | 1334 ||| UPGRADING to +6 ring of strength.
  1335 | D:2      | 1335 ||| READING scroll labelled CINIRU LUETI.
  1335 | D:2      | 1335 ||| IDENTIFYING black potion
  1336 | D:2      | 1336 ||| DRINKING 2 metallic grey potions.
  1466 | D:3      | Reached XP level 4. HP: 22/22 MP: 5/5
  1519 | D:3      | Reached skill level 5 in Dodging
  1710 | D:3      | Found a sparkling altar of Nemelex Xobeh.
  1938 | D:3      | 1938 ||| READING scroll labelled LANYCR VAFU.
  1939 | D:3      | 1939 ||| READING scroll labelled SOTEFE TIHU.
  1979 | D:3      | 1979 ||| DRINKING 2 cyan potions.
  1980 | D:3      | 1980 ||| DROPPING potion of attraction.
  2005 | D:4      | Found a shadowy altar of Dithmenos.
  2035 | D:4      | 2035 ||| FLEEEEING.
  2036 | D:4      | 2036 ||| FLEEEEING.
  2037 | D:4      | 2037 ||| FLEEEEING.
  2039 | D:4      | 2039 ||| FLEEEEING.
  2040 | D:4      | 2040 ||| FLEEEEING.
  2042 | D:4      | 2042 ||| FLEEEEING.
  2043 | D:4      | 2043 ||| FLEEEEING.
  2044 | D:4      | 2044 ||| FLEEEEING.
  2046 | D:4      | 2046 ||| FLEEEEING.
  2047 | D:4      | 2047 ||| FLEEEEING.
  2049 | D:4      | 2049 ||| FLEEEEING.
  2050 | D:4      | 2050 ||| FLEEEEING.
  2051 | D:4      | 2051 ||| FLEEEEING.
  2053 | D:4      | 2053 ||| FLEEEEING.
  2059 | D:4      | 2059 ||| FLEEEEING.
  2060 | D:4      | 2060 ||| FLEEEEING.
  2061 | D:4      | 2061 ||| FLEEEEING.
  2062 | D:4      | 2062 ||| FLEEEEING.
  2063 | D:4      | 2063 ||| FLEEEEING.
  2064 | D:4      | 2064 ||| STAIRDANCE
  2093 | D:3      | 2093 ||| DROPPING +6 ring of intelligence.
  2094 | D:3      | 2094 ||| DROPPING ring of flight.
  2222 | D:4      | Reached XP level 5. HP: 25/25 MP: 6/6
  2392 | D:4      | HP: 4/25 [orc wizard/magic dart (9)]
  2393 | D:4      | 2393 ||| READING scroll of teleportation.
  2393 | D:4      | HP: 1/25 [orc wizard/+0 dagger (3)]
  2394 | D:4      | 2394 ||| DRINKING potion of heal wounds.
  2396 | D:4      | Reached skill level 6 in Dodging
  2490 | D:4      | Noticed a lemure
  2490 | D:4      | Noticed a lemure
  2492 | D:4      | Noticed Pikel
  2497 | D:4      | HP: 5/26 [Pikel/+1 whip of freezing (11)]
  2497 | D:4      | Slain by Pikel

Levels and vault maps discovered:
D:1:      lightli_arrival_statue_moat, layout_basic
D:2:      layout_basic
D:3:      layout_basic, nemelex_spade_bored_becter
D:4:      layout_loops_ring, mainiacjoe_overflow_alcove_4, bh_walls_and_bars,
          uniq_pikel

Skill      XL: |  1  2  3  4  5 |
---------------+----------------+-----
Dodging        | 3 4 5 6 |  6.1
Ranged Weapons | 5 |  5.4
Fighting       | 2 |  2.1
Stealth        | |  1.5

Action                     |  1- 3 |  4- 6 || total
---------------------------+-------+-------++-------
   Fire: Shortbow          |   106 |    75 ||   181
    Use: Scroll            |     6 |     3 ||     9
         Potion            |     2 |     2 ||     4
 Armour: Robe              |     5 |    18 ||    23
  Dodge: Dodged            |    21 |    30 ||    51

Table legend:
 A = Non-vault XP
 B = Vault XP
 C = Vault XP percentage of total XP
 D = Non-vault monster count
 E = Vault monster count
 F = Vault count percentage of total count
                 A         B        C        D         E       F
            +---------+---------+-------+---------+---------+-------
      Total |     338 |       0 |   0.0 |      73 |       0 |   0.0
            +---------+---------+-------+---------+---------+-------
        D:1 |      53 |       0 |   0.0 |      24 |       0 |   0.0
        D:2 |      29 |       0 |   0.0 |      14 |       0 |   0.0
        D:3 |      37 |       0 |   0.0 |      16 |       0 |   0.0
        D:4 |     219 |       0 |   0.0 |      19 |       0 |   0.0
            +---------+---------+-------+---------+---------+-------
